 Dungeon Crawl Stone Soup version 0.16-a0-100-g0188e4c (webtiles) character file.

18795 BluebellGnoll the Basher (level 12, -6/128 HPs)
             Began as an Ogre Hunter on Aug 9, 2014.
             Was the Champion of Okawaru.
             Mangled by an unseen horror (11 damage)
             ... on Level 11 of the Dungeon.
             The game lasted 02:16:00 (17677 turns).

BluebellGnoll the Basher (Ogre Hunter)             Turns: 17677, Time: 02:16:00

HP  -6/128       AC 12     Str 20      XL: 12   Next: 62%
MP  12/12        EV 14     Int 14      God: Okawaru [******]
Gold 885         SH  0     Dex 12      Spells:  3 memorised,  5 levels left

rFire  + . .     SeeInvis .     i - +3 mace (protect)
rCold  . . .     Clarity  .     F - +2 robe {rF+}
rNeg   . . .     rCorr    .     (shield restricted)
rPois  +         rRot     .     (helmet restricted)
rElec  .         Spirit   .     w - +1 cloak
SustAb .         Warding  .     (gloves unavailable)
rMut   .         Stasis   .     (boots unavailable)
Gourm  .                        (no amulet)
MR     +....                    E - +2 ring of dexterity
                                r - ring of poison resistance

@: very slightly contaminated, invisible, somewhat resistant to hostile
enchantments, very unstealthy
A: unfitting armour, tough skin 1
a: Heroism, Finesse, Renounce Religion


You were on level 11 of the Dungeon.
You worshipped Okawaru.
Okawaru was exalted by your worship.
You were not hungry.

You visited 3 branches of the dungeon, and saw 15 of its levels.

You collected 885 gold pieces.

Inventory:

Hand weapons
 i - a +3 mace of protection (weapon)
 t - a +0 blowgun
 B - a +1 mace of holy wrath
Missiles
 b - 2 large rocks
 e - 2 javelins of penetration
 h - 171 stones
 s - 4 tomahawks (quivered)
 x - 32 poisoned needles
 M - 6 needles of confusion
 O - 2 poisoned tomahawks
 Q - 3 steel tomahawks
Armour
 w - a +1 cloak (worn)
 F - a +2 robe of fire resistance (worn)
Magical devices
 k - a wand of random effects (11)
 q - a wand of enslavement (7)
 C - a wand of disintegration (10)
 K - a wand of fire (4)
 L - a wand of invisibility (5)
Comestibles
 j - 8 fruits
 m - 10 bread rations
Scrolls
 c - 4 scrolls of enchant armour
 v - 5 scrolls of remove curse
 y - a scroll of amnesia
 H - a scroll of identify
Jewellery
 r - a ring of poison resistance (left hand)
 E - a +2 ring of dexterity (right hand)
Potions
 g - a potion of agility {unknown}
 n - 3 potions of berserk rage
 o - a potion of poison {unknown}
 p - 2 potions of cancellation
 u - 4 potions of brilliance
 A - a potion of curing
 D - a potion of cure mutation {unknown}
 I - 2 potions of heal wounds
Books
 d - a book of Necromancy

   Spells                             Type                      Level
   Pain                               Necromancy                   1
   Animate Skeleton                   Necromancy                   1
   Vampiric Draining                  Necromancy                   3
   Regeneration                       Charms/Necromancy            3
   Animate Dead                       Necromancy                   4
   Control Undead                     Necromancy                   4


   Skills:
 - Level 10.6 Fighting
 + Level 13.6 Maces & Flails
 - Level 9.0 Throwing
 - Level 8.8 Dodging
 - Level 0.7 Stealth
 - Level 5.0 Conjurations
 - Level 3.4 Air Magic
 - Level 4.5 Poison Magic


You had 5 spell levels left.
You knew the following spells:

 Your Spells              Type           Power        Failure   Level  Hunger
a - Sting                 Conj/Pois      ##..         4%          1    ##.....
b - Cure Poison           Pois           ##........   10%         2    ###....
c - Mephitic Cloud        Conj/Pois/Air  ##......     17%         3    ####...


Dungeon Overview and Level Annotations

Branches:
Dungeon (11/15)            Temple (1/1) D:4             Orc (0/4) D:11
   Lair (3/8) D:8
  Swamp: Lair:3-6    Shoals: Lair:3-6     Snake: Lair:3-6    Spider: Lair:3-6

Altars:
Cheibriados
Elyvilon
Fedhas
Makhleb
Nemelex Xobeh
Okawaru
Sif Muna
Trog
Xom
Yredelemnul
Zin
Beogh

Shops:
D:8 %

Portals:
Trove: D:11 (give +5 fire dragon armour)


Innate Abilities, Weirdness & Mutations

You are too large for most types of armour.
You have tough skin (AC +1).


Message History

Something hits you. Something hits you but does no damage.
You are very lightly contaminated with residual magic.
Something hits you!
You sock something! Something hits you.
* * * LOW HITPOINT WARNING * * *
Something hits you.
* * * LOW HITPOINT WARNING * * *
Something hits you but does no damage. Something hits you.
* * * LOW HITPOINT WARNING * * *
Something hits you!
* * * LOW HITPOINT WARNING * * *
Something hits you but does no damage. Something hits you.
* * * LOW HITPOINT WARNING * * *
Something hits you!
* * * LOW HITPOINT WARNING * * *
Something hits you.
* * * LOW HITPOINT WARNING * * *
Something hits you!
You die...

### ### ** #.# #.#
*,* #.# #.# *,* #.#
#.# **,* #.# ##.#
*,,* #.## #..# #,,*
#..# ##..## **#.. *
##@.# ###....#
#....#########...#
##......#
,......[..........#
##......)#
,........%.......##
#........#
.........%.......#
#.........
,,................##
##.........
,,.###......####...##
#......##.. ,,**
##....##
##...###.....####.
,,* #...##
##...........# ##


There were no monsters in sight!

Vanquished Creatures
  A griffon (Lair:2)
  An ugly thing (D:11)
  3 hill giants (D:10)
  A manticore (D:11)
  11 spiny frogs
  A centaur skeleton (D:10)
  2 black mambas (Lair:2)
  The ghost of tabulaattori the Covert, an experienced SpAs of Gozag (D:6)
  A fire drake (D:8)
  Grinder (D:4)
  A komodo dragon (Lair:1)
  A two-headed ogre (D:11)
  A spriggan (D:8)
  A basilisk (Lair:1)
  A wyvern (D:8)
  A hungry ghost (D:8)
  A hippogriff (Lair:1)
  Eustachio (D:4)
  A deep elf mage (D:11)
  16 yaks
  6 wolves (Lair:1)
  8 water moccasins
  3 porcupines (Lair:1)
  A yellow wasp (D:9)
  2 phantoms
  7 ogres
  2 ice beasts
  A black bear (D:7)
  A spider (D:10)
  5 orc warriors
  A necrophage (D:11)
  6 crocodiles
  2 centaurs
  Blork the orc (D:8)
  8 giant frogs
  2 gnoll sergeants (D:7)
  3 killer bees (D:11)
  5 scorpions
  A hippogriff zombie (D:10)
  A wight (D:7)
  4 crimson imps
  A goliath beetle (D:7)
  9 hounds
  A jelly (D:5)
  10 orc priests
  A giant frog skeleton (D:4)
  Crazy Yiuf (D:3)
  A two-headed ogre zombie (D:6)
  7 worker ants
  5 iguanas
  15 orc wizards
  A mottled dragon zombie (D:11)
  11 sheep (Lair:2)
  A hound zombie (D:6)
  2 ogre skeletons
  A worker ant zombie (D:6)
  4 gnolls (D:4)
  3 shadow imps
  13 adders
  2 giant mites
  34 green rats
  2 worms
  2 adder zombies
  4 giant geckos
  An ooze (D:5)
  32 orcs
  14 bats
  5 giant cockroaches
  21 hobgoblins
  17 jackals
  6 giant newts
  9 goblins
  A hobgoblin skeleton (D:6)
  15 kobolds
  2 kobold skeletons
  An orc skeleton (D:6)
  13 quokkas
  A quokka skeleton (D:4)
  16 rats
  4 ballistomycetes (D:10)
407 creatures vanquished.

Vanquished Creatures (collateral kills)
  A komodo dragon (Lair:2)
  2 green rats (Lair:2)
3 creatures vanquished.

Vanquished Creatures (others)
  An orc wizard (D:7)
  A giant spore (D:10)
2 creatures vanquished.

Grand Total: 412 creatures vanquished

Notes
Turn   | Place    | Note
--------------------------------------------------------------
     0 | D:1      | BluebellGnoll, the Ogre Hunter, began the quest for the Orb.
     0 | D:1      | Reached XP level 1. HP: 22/22 MP: 1/1
   274 | D:1      | Reached XP level 2. HP: 19/29 MP: 2/2
   988 | D:2      | Reached XP level 3. HP: 36/36 MP: 3/3
  1723 | D:3      | Noticed Crazy Yiuf
  1726 | D:3      | Killed Crazy Yiuf
  1726 | D:3      | Reached skill level 5 in Maces & Flails
  1726 | D:3      | Reached XP level 4. HP: 44/44 MP: 4/4
  1768 | D:3      | Found a deep blue altar of Sif Muna.
  1862 | D:3      | Reached skill level 6 in Maces & Flails
  1863 | D:3      | Reached XP level 5. HP: 45/50 MP: 5/5
  2022 | D:3      | Reached skill level 7 in Maces & Flails
  2668 | D:4      | Reached XP level 6. HP: 49/61 MP: 6/6
  3249 | D:4      | HP: 2/63 [orc priest/whip (4)]
  3490 | D:4      | Reached XP level 7. HP: 66/71 MP: 7/7
  3517 | D:4      | Found a staircase to the Ecumenical Temple.
  3517 | D:4      | Noticed Grinder
  3540 | D:4      | Killed Grinder
  3540 | D:4      | Reached skill level 8 in Maces & Flails
  3550 | Temple   | Entered the Ecumenical Temple
  3571 | Temple   | Became a worshipper of Warmaster Okawaru
  3762 | D:4      | Noticed Eustachio
  3798 | D:4      | Killed Eustachio
  3798 | D:4      | Reached skill level 9 in Maces & Flails
  3798 | D:4      | Reached XP level 8. HP: 71/79 MP: 8/8
  4115 | D:5      | Entered Level 5 of the Dungeon
  4708 | D:5      | Reached skill level 5 in Dodging
  4781 | D:5      | Reached skill level 10 in Maces & Flails
  5016 | D:6      | Acquired Okawaru's first power
  5050 | D:6      | Noticed tabulaattori's ghost (experienced SpAs)
  5232 | D:5      | Reached skill level 5 in Fighting
  5382 | D:5      | Reached skill level 5 in Throwing
  6139 | D:6      | Learned a level 3 spell: Mephitic Cloud
  6270 | D:6      | Reached XP level 9. HP: 73/89 MP: 9/9
  6486 | D:6      | Killed tabulaattori's ghost
  6991 | D:7      | Reached skill level 11 in Maces & Flails
  7884 | D:7      | Reached skill level 12 in Maces & Flails
  8189 | D:8      | Noticed Blork the orc
  8191 | D:8      | Killed Blork the orc
  8443 | D:8      | Found a staircase to the Lair.
  8443 | D:8      | Noticed a fire drake
  8481 | D:8      | Reached XP level 10. HP: 100/100 MP: 10/10
  8678 | D:8      | Found Kuirghel's Food Shop.
  8731 | D:8      | Killed a fire drake
  9088 | Lair:1   | Entered Level 1 of the Lair of Beasts
  9843 | D:9      | Reached skill level 1 in Conjurations
 10532 | D:10     | Entered Level 10 of the Dungeon
 10552 | D:10     | Noticed a hill giant
 10638 | D:10     | Reached skill level 1 in Poison Magic
 10920 | D:10     | Noticed a hill giant
 10925 | D:10     | Killed a hill giant
 10937 | D:10     | Reached XP level 11. HP: 111/111 MP: 11/11
 11074 | D:10     | Killed a hill giant
 11074 | D:10     | Acquired Okawaru's second power
 11076 | D:10     | Received a gift from Okawaru
 11571 | D:10     | Noticed a hill giant
 11591 | D:10     | Killed a hill giant
 11594 | D:10     | Received a gift from Okawaru
 11608 | D:10     | Learned a level 1 spell: Sting
 11611 | D:10     | Learned a level 2 spell: Cure Poison
 12131 | D:10     | Reached skill level 1 in Air Magic
 13388 | Lair:1   | Reached skill level 5 in Conjurations
 14729 | Lair:2   | Received a gift from Okawaru
 15093 | Lair:2   | Reached XP level 12. HP: 46/124 MP: 12/12
 15429 | Lair:1   | Reached skill level 10 in Fighting
 15721 | D:11     | Received a gift from Okawaru
 15807 | D:11     | Found a staircase to the Orcish Mines.
 16208 | D:11     | Found a roughly hewn altar of Beogh.
 16300 | D:11     | Found a portal to a secret trove of treasure.
 16785 | Lair:2   | Reached skill level 13 in Maces & Flails
 17385 | Lair:3   | Noticed a death yak
 17422 | Lair:3   | Noticed a five-headed hydra
 17676 | D:11     | HP: 6/128 [something (11)]
 17677 | D:11     | Mangled by an unseen horror

Action                   |  1- 3 |  4- 6 |  7- 9 | 10-12 || total
-------------------------+-------+-------+-------+-------++-------
Melee: Club              |    78 |       |       |       ||    78
       Hammer            |       |   136 |   414 |       ||   550
       Mace              |       |       |   237 |   792 ||  1029
 Fire: Blowgun           |       |       |     3 |    18 ||    21
Throw: Stone             |    77 |    56 |   237 |   312 ||   682
       Large rock        |     1 |    23 |    32 |    20 ||    76
       Throwing net      |       |     2 |       |       ||     2
       Tomahawk          |       |       |    10 |   107 ||   117
       Javelin           |       |       |       |     2 ||     2
 Cast: Cure Poison       |       |       |       |     6 ||     6
       Sting             |       |       |       |     3 ||     3
       Mephitic Cloud    |       |       |       |     3 ||     3
Evoke: Wand              |       |     1 |     4 |    27 ||    32
  Use: Scroll            |       |    11 |     6 |    11 ||    28
       Potion            |       |     1 |     2 |     3 ||     6
 Stab: Sleeping          |     1 |       |       |     1 ||     2
       Held in net/web   |       |     2 |       |       ||     2
       Confused          |       |       |     1 |     4 ||     5
  Eat: Chunk             |     3 |     5 |    16 |    27 ||    51
       Pizza             |       |       |       |     2 ||     2
       Beef jerky        |       |       |       |     2 ||     2
